 Dungeon Crawl Stone Soup version 0.19.0 (webtiles) character file.

31 Magifyre the Scratcher (level 3, -6/15 HPs)
             Began as a Felid Transmuter on Nov 11, 2016.
             Killed from afar by an orc wizard (7 damage)
             ... with a magic dart
             ... on level 3 of the Dungeon.
             The game lasted 00:05:54 (2954 turns).

Magifyre the Scratcher (Felid Transmuter)           Turns: 2954, Time: 00:05:55

Health: -6/15      AC:  1    Str:  6    XL:     3   Next: 7%
Magic:  7/7        EV: 18    Int: 14    God:
Gold:   104        SH:  0    Dex: 17    Spells: 3 memorised, 0 levels left
                                        Lives:  0   Deaths: 1

rFire  . . .     SeeInvis +       - Unarmed
rCold  . . .     Gourm    .     (armour unavailable)
rNeg   . . .     Faith    +     (shield unavailable)
rPois  .         Spirit   .     (helmet unavailable)
rElec  .         Reflect  .     (cloak unavailable)
rCorr  .         Harm     .     (gloves unavailable)
MR     .....                    (boots unavailable)
Stlth  ++........               m - amulet of faith
                                (no ring)
                                j - ring of flight

@: quick
A: no armour, no weapons or thrown items, stealth, claws 1, fangs 3, see
invisible, carnivore 3, speed 1, shaggy fur 1, slow metabolism 1, sharp paws
a: Evoke Flight


You were on level 3 of the Dungeon.
You were not hungry.

You visited 1 branch of the dungeon, and saw 3 of its levels.

You collected 104 gold pieces.

Inventory:

Missiles
 a - 46 arrows
Jewellery
 j - a ring of flight (left paw)
 m - an amulet of faith (around neck)
 p - a cursed -2 ring of intelligence {unknown}
Wands
 q - a wand of flame (27/48)
Scrolls
 d - 2 scrolls of identify {unknown}
 f - a scroll of magic mapping {unknown}
 h - a scroll of random uselessness {unknown}
 i - 2 scrolls of remove curse
 k - a scroll of recharging {unknown}
 o - a scroll of teleportation {unknown}
Potions
 e - a potion of invisibility {unknown}
 g - 3 potions of lignification {unknown}
 n - 2 potions of resistance {unknown}
Books
 b - a book of Changes

   Spells                             Type                      Level
   a - Beastly Appendage              Transmutation                1
   b - Sticks to Snakes               Transmutation                2
   c - Spider Form                    Transmutation/Poison         3
   d - Ice Form                       Ice/Transmutation            4
   e - Blade Hands                    Transmutation                5
Comestibles
 c - 2 meat rations
 l - a beef jerky


   Skills:
 - Level 1.0 Fighting
 - Level 2.6 Dodging
 + Level 5.0 Unarmed Combat
 - Level 2.0 Spellcasting
 - Level 2.1 Transmutations


You couldn't memorise any spells.
You knew the following spells:

 Your Spells              Type           Power        Failure   Level  Hunger
a - Beastly Appendage     Tmut           #.....       12%         1    ##.....
b - Sticks to Snakes      Tmut           #.......     17%         2    ###....
c - Spider Form           Tmut/Pois      #.........   47%         3    ####...


Dungeon Overview and Level Annotations

Branches:
Dungeon (3/15)

Altars:
Yredelemnul


Innate Abilities, Weirdness & Mutations

You cannot wear armour.
You are incapable of wielding weapons or throwing items.
Your paws allow you to move quietly. (Stealth)
You have sharp claws.
You have razor-sharp teeth.
You have supernaturally acute eyesight. (SInv)
You are carnivorous and can eat meat at any time.
You cover ground quickly.
You are covered in fur. (AC +1)
You have a slow metabolism.
Your sharp claws are effective at attacking unaware monsters.


Message History

There are monsters nearby!
There are monsters nearby!
There are monsters nearby!
The orc wizard casts a spell at you. The puff of frost misses you.
The orc wizard misses you. The orc wizard hits you with a dagger.
The orc wizard mumbles some strange words.
The orc wizard seems to speed up.
The orc wizard mumbles some strange words.
The orc wizard misses you. The orc wizard hits you with a dagger.
The orc wizard barely misses you. The orc wizard closely misses you.
The orc wizard casts a spell at you. The magic dart hits you!
Ouch! That really hurt!
* * * LOW HITPOINT WARNING * * *
The orc wizard points at you and mumbles some strange words.
The magic dart hits you!
You die...

..... ..... .
.... .. ....
... .... .....
.########o.....
.......@oS.....
.##....##.o....
#.=.. .....
#.... ####
#.... #....
#.... #....


You could see an orc wizard, an adder and 2 orcs.

Vanquished Creatures
  An adder (D:2)
  An ooze (D:2)
  2 worms (D:2)
  3 dart slugs
  2 leopard geckos
  4 orcs (D:3)
  3 giant cockroaches
  2 gnoll zombies (D:2)
  5 goblins
  2 hobgoblins
  3 bats
  3 frilled lizards
  5 kobolds
  7 rats
43 creatures vanquished.

Vanquished Creatures (collateral kills)
  An orc (D:3)
  A giant cockroach (D:3)
2 creatures vanquished.

Grand Total: 45 creatures vanquished

Notes
Turn   | Place    | Note
-------+----------+-------------------------------------------
     0 | D:1      | Magifyre the Felid Transmuter began the quest for the Orb.
     0 | D:1      | Reached XP level 1. HP: 9/9 MP: 4/4
   436 | D:1      | Reached XP level 2. HP: 12/12 MP: 6/6
   743 | D:1      | Reached skill level 4 in Unarmed Combat
  1233 | D:2      | Reached XP level 3. HP: 12/15 MP: 5/7
  1237 | D:2      | Learned a level 2 spell: Sticks to Snakes
  1241 | D:2      | Learned a level 3 spell: Spider Form
  1607 | D:2      | Found a basalt altar of Yredelemnul.
  2572 | D:3      | Reached XP level 4. HP: 6/19 MP: 6/8
  2908 | D:3      | Reached skill level 5 in Unarmed Combat
  2914 | D:3      | Killed from afar by an orc wizard
  2915 | D:3      | Reached XP level 3. HP: 0/15 MP: 5/7
  2954 | D:3      | Killed from afar by an orc wizard

Skill      XL: |  1  2  3  4 |
---------------+-------------+-----
Unarmed Combat | 4 5 |  5.0
Fighting       | |  1.0
Dodging        | |  2.6
Spellcasting   | |  2.0
Transmutations | |  2.1

Action                   |  1- 3 |  4- 6 || total
-------------------------+-------+-------++-------
Melee: Unarmed           |   113 |     4 ||   117
       Bite              |     9 |     1 ||    10
       Headbutt          |     9 |       ||     9
       Punch             |     1 |       ||     1
 Cast: Beastly Appendage |    16 |     3 ||    19
       Sticks to Snakes  |     4 |     1 ||     5
  Use: Scroll            |     1 |       ||     1
 Stab: Sleeping          |     6 |     1 ||     7
  Eat: Chunk             |    10 |     1 ||    11
Armor: Skin              |     3 |       ||     3
Dodge: Dodged            |    70 |     1 ||    71
